 Dungeon Crawl Stone Soup version 0.29.1-13-g9f3cf754e1 (webtiles) character file.

Game seed: 12673578153624270269

7355 nshep25 the Basher (level 10, -6/90 HPs)
             Began as a Minotaur Fighter on Feb 3, 2023.
             Was a Priest of Okawaru.
             Mangled by an orc warrior
             ... wielding a +0 battleaxe
              (11 damage)
             ... on level 1 of the Orcish Mines.
             The game lasted 00:25:03 (11252 turns).

nshep25 the Basher (Minotaur Fighter)              Turns: 11252, Time: 00:25:05

Health: -6/90      AC: 15    Str: 25    XL:     10   Next: 91%
Magic:  9/9        EV:  6    Int:  5    God:    Okawaru [***...]
Gold:   592        SH:  0    Dex: 10    Spells: 9/9 levels left

rFire   . . .      SeeInvis .   C - +7 sceptre of Torment {pain, torment}
rCold   + . .      Faith    +   K - +0 kite shield
rNeg    . . .      Spirit   .   e - +0 plate armour
rPois   .          Reflect  .   M - +0 hat
rElec   .          Harm     .   (no cloak)
rCorr   +          Rampage  .   u - +0 pair of gloves
Will    .....                   (no boots)
Stlth   ..........              H - amulet of faith
HPRegen 0.25/turn               t - ring of resist corrosion
MPRegen 0.11/turn               m - ring of protection from cold

@: confused, lethally poisoned (-6 -> -20), attractive, hasted, very quick
A: horns 2, retaliatory headbutt
a: Renounce Religion, Heroism


You were on level 1 of the Orcish Mines.
You worshipped Okawaru.
Okawaru was most pleased with you.
You visited 3 branches of the dungeon, and saw 11 of its levels.
You also visited: Ossuary.

You collected 592 gold pieces.

Inventory:

Hand Weapons
 C - the +7 sceptre of Torment (weapon) {pain, torment}
   (You found it on level 5 of the Dungeon)

   In the hands of one skilled in necromantic magic, it inflicts extra damage on
   living creatures.
   It occasionally torments all nearby living foes when it strikes in combat.
Missiles
 A - 2 boomerangs (quivered)
Armour
 b - a +0 scale mail
 c - a +0 buckler
 e - a +0 plate armour (worn)
 u - a +0 pair of gloves (worn)
 K - a +0 kite shield (worn)
 M - a +0 hat (worn)
Jewellery
 m - a ring of protection from cold (right hand)
 t - a ring of resist corrosion (left hand)
 w - an amulet of the acrobat
 H - an amulet of faith (around neck)
Wands
 D - a wand of mindburst (9)
 L - a wand of iceblast (7)
Scrolls
 a - a scroll of silence {unknown}
 h - 4 scrolls of magic mapping {unknown}
 i - 11 scrolls of identify {unknown}
 j - 2 scrolls of noise {unknown}
 l - 2 scrolls of vulnerability {unknown}
 n - 4 scrolls of blinking {unknown}
 q - 6 scrolls of immolation {unknown}
 s - a scroll of enchant weapon {unknown}
 v - 2 scrolls of teleportation {unknown}
 y - a scroll of poison {unknown}
 B - 2 scrolls of amnesia {unknown}
 G - a scroll of brand weapon {unknown}
 I - 2 scrolls of acquirement {unknown}
 J - a scroll of torment {unknown}
Potions
 d - 5 potions of might
 f - a potion of heal wounds
 g - 2 potions of haste
 k - a potion of attraction
 o - 2 potions of ambrosia {unknown}
 p - a potion of degeneration {unknown}
 r - 2 potions of brilliance {unknown}
 x - a potion of berserk rage {unknown}
 z - 2 potions of mutation {unknown}
 E - 2 potions of magic {unknown}
 F - a potion of cancellation {unknown}


   Skills:
 + Level 8.5 Fighting
 + Level 7.9(11.2) Axes
 + Level 12.4(13.3) Maces & Flails
 + Level 2.5 Throwing
 * Level 9.0 Armour
 + Level 0.5 Dodging
 + Level 0.9 Stealth
 + Level 6.3 Shields
 * Level 2.8 Necromancy


You had 9 spell levels left.
You didn't know any spells.
Your spell library was empty.

Dungeon Overview and Level Annotations

Branches:
Dungeon (9/15)             Temple (1/1) D:6            Lair (0/5) D:9
    Orc (1/2) D:9         Ossuary (visited)

Altars:
Ashenzari
Cheibriados
Dithmenos
Elyvilon
Fedhas
Gozag
Hepliaklqana
Kikubaaqudgha
Makhleb
Nemelex Xobeh
Okawaru
Qazlal
Ru
Sif Muna
Trog
Uskayaw
Vehumet
Wu Jian
Xom
Yredelemnul
Zin
The Shining One

Shops:
D:2 !   D:3 :


Innate Abilities, Weirdness & Mutations

You have a pair of horns on your head.
You reflexively headbutt those who attack you in melee.


Message History

The troll is attracted toward you. The orc is attracted toward you.
You feel sick. The orc priest is attracted toward you.
You feel sick. The orc priest barely misses you.
An orc warrior comes into view. It is wielding a +0 scimitar.
The orc wizard gestures wildly while chanting.
The orc wizard flickers and vanishes!
Deactivating autopickup; reactivate with Ctrl-A.
Something is attracted toward you.
The orc warrior is attracted toward you.
The orc priest calls down the wrath of Beogh upon you.
You struggle to resist.
The orc warrior hits you with a +0 battleaxe!
* * * LOW HITPOINT WARNING * * *
The orc warrior is attracted toward you.
You impale the troll!! Your headbutt misses the troll.
The troll is heavily wounded.
You feel sick.
The orc warrior is attracted toward you.
You're too confused to move!
You feel sick. The orc hits you but does no damage.
You are more poisoned.
The orc priest calls down the wrath of Beogh upon you.
Beogh smites you!
* * * LOW HITPOINT WARNING * * *
The orc wizard hits you but does no damage.
The troll completely misses you. The troll claws you but does no damage.
The troll closely misses you.
You feel much better.
You feel sick. The orc hits you but does no damage.
You are more poisoned.
The orc wizard hits you with a +0 dagger.
* * * LOW HITPOINT WARNING * * *
The orc warrior hits you with a +0 scimitar.
* * * LOW HITPOINT WARNING * * *
The troll bites you!
* * * LOW HITPOINT WARNING * * *
The troll claws you.
* * * LOW HITPOINT WARNING * * *
The troll claws you but does no damage.
The orc warrior hits you with a +0 battleaxe!
You die...

### ##.#...........
##.###...#.........#
#...###.#.#.......#
#.###.....<.....#
#.#.....>.........#
#..................#
...#.#.^.............## .
...##........oo.....##
.... ..........@.......###
......#..##..#ooTo$>......
#....##...#....o...[......
.# ##.....#§...........
...................
......§.....$.....
..................
..................
.....§#.........#


You could see a troll, 2 orc warriors, an orc priest, an orc wizard and 2 orcs.

Vanquished Creatures
  An orc sorcerer (Orc:1)
  A manticore (D:6)
  The ghost of Unforgiven the Skirmisher, a novice KoHu of Dithmenos (D:5)
  A gargoyle (D:8)
  A troll (D:9)
  Prince Ribbit (D:8)
  A wraith (D:8)
  3 wyverns
  2 steam dragons
  An acid dragon (D:9)
  3 water moccasins
  5 orc warriors
  5 centaurs
  An ogre (D:5)
  2 wolves (D:9)
  An elf zombie (Ossuary)
  2 kobold brigands
  A gnoll sergeant (D:9)
  6 bullfrogs
  3 scorpions
  A necrophage (D:7)
  10 wights
  3 howler monkeys
  2 electric eels (D:9)
  2 centaur zombies (Ossuary)
  A human zombie (Ossuary)
  11 hounds
  2 gnoll boudas
  2 jellies
  6 orc priests
  2 iguanas (D:4)
  12 orc wizards
  A hound zombie (Ossuary)
  3 mummies (Ossuary)
  15 gnolls
  12 adders
  2 shadow imps
  A white imp (D:6)
  An ufetubus (D:4)
  3 adder zombies (Ossuary)
  3 worms
  5 dart slugs
  34 orcs
  4 ball pythons (D:1)
  3 bats
  7 endoplasms
  6 giant cockroaches
  A gnoll zombie (Ossuary)
  10 goblins
  8 hobgoblins
  4 jackals (D:4)
  6 quokkas
  2 frilled lizards
  4 goblin zombies (Ossuary)
  3 hobgoblin zombies (Ossuary)
  6 jackal zombies (Ossuary)
  15 kobolds
  6 kobold zombies (Ossuary)
  2 orc zombies (Ossuary)
  2 quokka zombies (Ossuary)
  5 rats
  A rat zombie (Ossuary)
271 creatures vanquished.

Vanquished Creatures (others)
  2 fungi (D:9)
  11 plants
13 creatures vanquished.

Grand Total: 284 creatures vanquished

Notes
Turn   | Place    | Note
-------+----------+-------------------------------------------
     0 | D:1      | nshep25 the Minotaur Fighter began the quest for the Orb.
     0 | D:1      | Reached XP level 1. HP: 19/19 MP: 0/0
   203 | D:1      | Reached XP level 2. HP: 27/27 MP: 1/1
   575 | D:1      | Found a faded altar of an unknown god.
   840 | D:1      | Reached XP level 3. HP: 33/33 MP: 2/2
  1342 | D:2      | Reached XP level 4. HP: 26/40 MP: 3/3
  1606 | D:2      | Found a shimmering altar of Xom.
  1752 | D:2      | Found Battean's Distillery.
  1994 | D:2      | Reached XP level 5. HP: 46/46 MP: 4/4
  2370 | D:3      | Found a blossoming altar of Fedhas.
  2409 | D:3      | Found Woisipt's Book Boutique.
  2624 | D:3      | Reached skill level 5 in Axes
  2840 | D:3      | Found a hazy altar of Hepliaklqana.
  3218 | D:4      | Reached skill level 5 in Armour
  3218 | D:4      | Reached XP level 6. HP: 53/53 MP: 5/5
  3872 | D:5      | Entered Level 5 of the Dungeon
  3992 | D:5      | Identified the +8 quarterstaff of Luxury {antimagic, +Blink
                  | rF- Str+2 Dex+5}
  4047 | D:5      | Reached skill level 5 in Fighting
  4240 | D:5      | Reached XP level 7. HP: 58/61 MP: 6/6
  4301 | D:5      | Found a runed translucent door.
  4308 | D:5      | Noticed Unforgiven's ghost (novice KoHu)
  4549 | D:5      | Found the +7 sceptre of Torment {pain, torment}
  4680 | D:5      | Reached skill level 1 in Maces & Flails
  4997 | D:5      | Killed Unforgiven's ghost
  4998 | D:5      | Reached skill level 3 in Maces & Flails
  4998 | D:5      | Reached skill level 5 in Shields
  4998 | D:5      | Reached XP level 8. HP: 36/71 MP: 7/7
  5263 | D:6      | Reached skill level 4 in Maces & Flails
  5363 | D:6      | Found a staircase to the Ecumenical Temple.
  5375 | D:6      | Reached skill level 5 in Maces & Flails
  5376 | Temple   | Entered the Ecumenical Temple
  5603 | D:6      | Found a shimmering altar of Xom.
  5713 | D:6      | Reached skill level 6 in Maces & Flails
  5734 | D:6      | Noticed a manticore
  5741 | D:6      | Killed a manticore
  5742 | D:6      | Reached skill level 7 in Maces & Flails
  5742 | D:6      | Reached XP level 9. HP: 20/79 MP: 8/8
  6066 | D:6      | Found a glowing silver altar of Zin.
  6087 | D:6      | Reached skill level 8 in Maces & Flails
  7025 | D:7      | Reached skill level 9 in Maces & Flails
  7124 | D:7      | Reached skill level 1 in Necromancy
  7279 | D:7      | Reached skill level 10 in Maces & Flails
  7338 | D:7      | Found an iron altar of Okawaru.
  7346 | D:7      | Became a worshipper of Warmaster Okawaru
  7553 | D:8      | Reached skill level 1 in Throwing
  7579 | D:8      | Found a sand-covered staircase.
  7617 | D:8      | Reached XP level 10. HP: 85/88 MP: 9/9
  7645 | Ossuary  | Entered an ossuary
  7814 | Ossuary  | Reached * piety under Okawaru
  8027 | D:8      | Noticed Prince Ribbit
  8036 | D:8      | Killed Prince Ribbit
  8037 | D:8      | Reached skill level 11 in Maces & Flails
  8138 | D:8      | Noticed a gargoyle
  8151 | D:8      | Killed a gargoyle
  8154 | D:8      | Reached ** piety under Okawaru
  8945 | D:8      | Found a sparkling altar of Nemelex Xobeh.
  9240 | D:9      | Found a staircase to the Orcish Mines.
  9590 | D:9      | Found a basalt altar of Yredelemnul.
  9636 | D:9      | Reached skill level 12 in Maces & Flails
  9829 | D:9      | Reached *** piety under Okawaru
 10337 | D:9      | Found a staircase to the Lair.
 10914 | D:9      | Found a stormy altar of Qazlal.
 10946 | D:9      | Found a radiant altar of Vehumet.
 11027 | D:9      | Found a sacrificial altar of Ru.
 11209 | Orc:1    | Entered Level 1 of the Orcish Mines
 11229 | Orc:1    | Noticed an orc sorcerer
 11233 | Orc:1    | Noticed a soul eater
 11240 | Orc:1    | Killed an orc sorcerer
 11242 | Orc:1    | HP: 3/90 [orc warrior/+0 battleaxe (9)]
 11251 | Orc:1    | HP: 4/90 [orc priest/divine providence (15)]
 11252 | Orc:1    | Mangled by an orc warrior

Illustrated notes

Levels and vault maps discovered:
D:1:      dpeg_arrival_central, layout_basic, ebering_ecumenical_altar_box,
          chequers_serial_rivers_large_b
D:2:      layout_loops_ring, basic_altar, serial_shops, shop, serial_bayou,
          serial_bayou_crossing, serial_bayou_pond_b, serial_bayou_pond_e,
          serial_bayou_pond_d, amcnicky_mini_corridor_feature,
          minmay_close_crescents
D:3:      layout_basic, nicolae_hepliaklqana_hippocampus, fedhas_altar_1,
          serial_shops, nicolae_shop_window_shopping
D:4:      layout_cave_pods, kennysheep_boxes
D:5:      layout_basic, ebering_ghost_sewer_d
D:6:      layout_basic, old_standard_altar, overflow_temple_1_default,
          minmay_temple_entry_tees, minmay_misc_feat_secret_circle,
          hangedman_decor_lopped, dreamdust_princess_corridor, minivault_11
D:7:      layout_rooms, mainiacjoe_overflow_surrounded_room, interstate_on_off
D:8:      layout_basic, nemelex_xobeh_ov_fountains_minmay,
          nicolae_ossuary_entry_false_entrances, uniq_prince_ribbit1
D:9:      layout_basic, mainiacjoe_overflow_small_starburst,
          nicolae_vehumet_altar_sigil, mainiacjoe_overflow_brackets,
          nicolae_ru_the_path_less_chosen, erik_lair_island,
          amcnicky_mini_rare_corridor_liquid
Temple:   minmay_temple_bridge_abc
Orc:1:    layout_caves, trog_butcher_becter, uniq_urug

Skill      XL: |  1  2  3  4  5  6  7  8  9 10 |
---------------+-------------------------------+-----
Shields        | 4 5 6 |  6.3
Fighting       | 4 5 6 7 8 |  8.5
Armour         | 4 5 6 7 9 |  9.0
Axes           | 3 4 5 6 7 |  7.9
Maces & Flails | 3 7 10 12 | 12.4
Necromancy     | 1 2 |  2.8
Throwing       | 1 2 |  2.5
Dodging        | |  0.5
Stealth        | |  0.9

Action                   |  1- 3 |  4- 6 |  7- 9 | 10-12 || total
-------------------------+-------+-------+-------+-------++-------
Melee: War axe           |    74 |   171 |    15 |       ||   260
       Headbutt          |     5 |    28 |    15 |    28 ||    76
       Eveningstar       |       |       |   146 |   174 ||   320
Throw: Boomerang         |       |       |    19 |    44 ||    63
  Use: Potion            |       |       |       |     5 ||     5
Armor: Plate armour      |    51 |   116 |   100 |   111 ||   378
Dodge: Dodged            |    21 |    51 |    64 |    39 ||   175
Block: Buckler           |     9 |    35 |    45 |    14 ||   103
       Kite shield       |       |       |       |    50 ||    50
